 Dungeon Crawl Stone Soup version 0.19-a0-1398-g1264885 (webtiles) character file.

8588 Promi the Ducker (level 11, -3/83 HPs)
             Began as a Human Wizard on Sept 3, 2016.
             Was a Priest of Sif Muna.
             Slain by an unseen horror (5 damage)
             ... on level 11 of the Dungeon.
             The game lasted 01:14:13 (15060 turns).

Promi the Ducker (Human Wizard)                    Turns: 15060, Time: 01:14:13

Health: -3/83      AC:  9    Str:  9    XL:     11   Next: 58%
Magic:  2/19       EV: 17    Int: 24    God:    Sif Muna [***...]
Gold:   433        SH:  6    Dex: 15    Spells: 8 memorised, 5 levels left

rFire  . . .     SeeInvis .     e - +6 dagger (venom)
rCold  + . .     Gourm    .     a - +0 robe
rNeg   . . .     Faith    .     (no shield)
rPois  .         Spirit   .     b - +2 hat
rElec  .         Dismiss  .     B - +1 cloak
rCorr  .         Reflect  +     r - +2 pair of gloves
MR     .....     Harm     .     (no boots)
Stlth  ++++......               o - +6 amulet of reflection
                                x - ring of protection from cold
                                q - +3 ring of intelligence

@: very slightly contaminated, hasted, very quick
A: thin skeletal structure 1, agile 1, low mp 1
a: Divine Energy, Channel Magic, Renounce Religion


You were on level 11 of the Dungeon.
You worshipped Sif Muna.
Sif Muna was most pleased with you.
You were not hungry.

You visited 2 branches of the dungeon, and saw 13 of its levels.

You collected 811 gold pieces.
You spent 378 gold pieces at shops.

Inventory:

Hand Weapons
 e - a +6 dagger of venom (weapon)
Armour
 a - a +0 robe (worn)
 b - a +2 hat (worn)
 r - a +2 pair of gloves (worn)
 B - a +1 cloak (worn)
 R - a +0 large shield
Magical Staves
 w - an uncursed staff of poison
Jewellery
 o - a +6 amulet of reflection (around neck)
 q - a +3 ring of intelligence (left hand)
 x - a ring of protection from cold (right hand)
 Q - an uncursed ring of flight
Wands
 p - a wand of flame (32/48)
 v - a wand of lightning (7/15)
 z - a wand of random effects (35/48)
 D - a wand of acid (1/15)
 E - a wand of enslavement (10/24)
 H - a wand of confusion (15/48)
 I - a wand of iceblast (0/15)
 J - a wand of disintegration (8/24)
 K - a wand of digging (10/24)
Scrolls
 f - 8 scrolls of identify
 i - 2 scrolls of fog
 j - 2 scrolls of teleportation
 n - a scroll of recharging
 s - a scroll of amnesia
 y - 3 scrolls of remove curse
 L - a scroll of enchant armour
 O - a scroll of blinking
Potions
 h - a potion of agility
 m - a potion of brilliance
 u - a potion of invisibility
 A - 2 potions of might
Books
 c - a book of Minor Magic

   Spells                             Type                      Level
   a - Magic Dart                     Conjuration                  1
   b - Blink                          Translocation                2
   c - Call Imp                       Summoning                    2
   d - Repel Missiles                 Charms/Air                   2
   e - Slow                           Hexes                        2
   f - Conjure Flame                  Conjuration/Fire             3
   g - Mephitic Cloud                 Conjuration/Poison/Air       3
 F - a book of the Sky

   Spells                             Type                      Level
   a - Summon Lightning Spire         Summoning/Air                4
   b - Airstrike                      Air                          4
   c - Silence                        Hexes/Air                    5
   d - Deflect Missiles               Charms/Air                   6
   e - Conjure Ball Lightning         Conjuration/Air              6
   f - Tornado                        Air                          9
 G - a book of Ice

   Spells                             Type                      Level
   a - Ice Form                       Ice/Transmutation            4
   b - Metabolic Englaciation         Hexes/Ice                    5
   c - Ozocubu's Refrigeration        Ice                          6
   d - Bolt of Cold                   Conjuration/Ice              6
   e - Freezing Cloud                 Conjuration/Ice/Air          6
   f - Simulacrum                     Ice/Necromancy               6
Comestibles
 d - 4 bread rations
 g - 7 meat rations
 k - 7 chunks of flesh
 l - a beef jerky


   Skills:
 + Level 6.7 Fighting
 + Level 6.1 Short Blades
 + Level 7.3 Dodging
 - Level 7.1 Stealth
 + Level 1.4 Shields
 + Level 7.1 Spellcasting
 + Level 6.2 Conjurations
 - Level 1.0 Summonings
 - Level 1.0 Translocations
 + Level 5.2 Air Magic
 + Level 2.1 Poison Magic


You had 5 spell levels left.
You knew the following spells:

 Your Spells              Type           Power        Failure   Level  Hunger
a - Magic Dart            Conj           ####         1%          1    None
b - Blink                 Tloc           N/A          10%         2    None
c - Call Imp              Summ           ##......     10%         2    None
d - Repel Missiles        Chrm/Air       ###...       4%          2    None
e - Slow                  Hex            #.......     12%         2    None
f - Conjure Flame         Conj/Fire      ###.....     10%         3    None
g - Mephitic Cloud        Conj/Pois/Air  ####....     3%          3    None
h - Summon Lightning Spi  Summ/Air       ###.....     24%         4    ###....


Dungeon Overview and Level Annotations

Branches:
Dungeon (12/15)            Temple (1/1) D:5            Lair (0/6) D:11
    Orc (0/2) D:11

Altars:
Ashenzari
Cheibriados
Dithmenos
Elyvilon
Fedhas
Gozag
Hepliaklqana
Kikubaaqudgha
Makhleb
Nemelex Xobeh
Okawaru
Qazlal
Ru
Sif Muna
Trog
Uskayaw
Vehumet
Xom
Yredelemnul
Zin
The Shining One

Shops:
D:4 [:}%   D:6 (   D:7 (   D:10 [   D:11 ?

Portals:
Trove: D:11 (give 15 scrolls of teleportation)

Annotations:
D:5 Grinder


Innate Abilities, Weirdness & Mutations

You have a somewhat thin skeletal structure. (Dex +2, Stealth)
You are agile. (Dex +2)
Your magical capacity is low. (-10% MP)


Message History

Something hits you.
* * * LOW HITPOINT WARNING * * *
You block something's attack.
You hit something but do no damage. Something barely misses you.
Casting: Summon Lightning Spire
Confirm with . or Enter, or press ? or * to list all spells.
Aiming: Magic Dart
Press: ? - help, Shift-Dir - straight line The magic dart hits something.
Something hits you.
* * * LOW HITPOINT WARNING * * *
Something barely misses you. Something hits you.
* * * LOW HITPOINT WARNING * * *
You block something's attack.
You feel yourself speed up. Something hits you but does no damage.
Something barely misses you. Something hits you!
* * * LOW HITPOINT WARNING * * *
Something hits you.
You die...

#...###.##......8......
#......................
#......................
##.....................
#.....................
#...#...####.......###
#.......####....##....
#.....................
##....@................
#..................(...
#.....##...............
#............#######...
#............## ###....
#.............###......
##.....................
###....#................
#......#..............#.


There were no monsters in sight!

Vanquished Creatures
  A hydra (D:11)
  A hill giant (D:10)
  A cyclops (D:10)
  A centaur zombie (D:11)
  Maurice (D:8)
  A komodo dragon (D:11)
  2 trolls
  A two-headed ogre (D:11)
  Prince Ribbit (D:7)
  3 yaks
  A wyvern (D:9)
  A human (D:7)
  2 hippogriffs
  A hungry ghost (D:7)
  A steam dragon (D:8)
  2 orc warriors (D:8)
  3 ice beasts
  A wasp (D:10)
  2 phantoms
  3 centaurs
  3 ogres
  A crocodile (D:10)
  3 big kobolds
  6 giant frogs
  2 scorpions
  9 killer bees
  3 howler monkeys
  4 crimson imps
  3 hounds
  5 jellies
  4 orc priests
  6 orc wizards
  2 giant frog skeletons
  5 iguanas
  8 worker ants
  A hound zombie (D:10)
  A hound skeleton (D:8)
  2 howler monkey zombies
  A worker ant zombie (D:5)
  Robin (D:2)
  3 gnolls (D:7)
  8 adders
  An ooze (D:3)
  A worm (D:3)
  3 dart slugs
  3 giant geckos
  34 orcs
  5 giant cockroaches
  16 goblins
  14 hobgoblins
  6 jackals
  6 quokkas
  3 ball pythons
  10 bats
  2 giant gecko skeletons (D:4)
  A giant gecko zombie (D:6)
  4 giant newts
  23 kobolds
  13 rats
256 creatures vanquished.

Vanquished Creatures (collateral kills)
  A hill giant (D:10)
  3 yaks
  A wraith (D:11)
  A quasit (D:11)
  An orc wizard (D:12)
  An adder (D:12)
  2 orcs (D:10)
10 creatures vanquished.

Vanquished Creatures (others)
  An orc (D:4)
  5 plants
6 creatures vanquished.

Grand Total: 272 creatures vanquished

Notes
Turn   | Place    | Note
-------+----------+-------------------------------------------
     0 | D:1      | Promi the Human Wizard began the quest for the Orb.
     0 | D:1      | Reached XP level 1. HP: 13/13 MP: 4/4
   125 | D:1      | Reached XP level 2. HP: 14/19 MP: 0/6
   859 | D:1      | Reached XP level 3. HP: 25/25 MP: 1/7
   863 | D:1      | Learned a level 2 spell: Blink
   866 | D:1      | Learned a level 2 spell: Call Imp
   869 | D:1      | Learned a level 2 spell: Repel Missiles
  1482 | D:2      | Reached skill level 1 in Fighting
  1709 | D:2      | Reached XP level 4. HP: 32/32 MP: 6/9
  1713 | D:2      | Learned a level 2 spell: Slow
  2057 | D:2      | Noticed Robin
  3248 | D:2      | Killed Robin
  3250 | D:2      | Reached XP level 5. HP: 22/37 MP: 4/10
  3689 | D:3      | Found an ancient bone altar of Kikubaaqudgha.
  4066 | D:4      | Found Zosev's Armour Shoppe.
  4104 | D:4      | Found an opulent altar of Gozag.
  4126 | D:4      | Found Feraeloz's Gadget Shop.
  4135 | D:4      | Found Emmoegea's Food Shop.
  4331 | D:4      | Reached XP level 6. HP: 30/44 MP: 3/11
  4336 | D:4      | Learned a level 3 spell: Conjure Flame
  4389 | D:4      | Noticed a phantom
  4437 | D:4      | Found Ninihulatri's Book Boutique.
  4707 | D:4      | Reached skill level 1 in Short Blades
  4815 | D:4      | Found a white marble altar of Elyvilon.
  4960 | D:5      | Entered Level 5 of the Dungeon
  5090 | D:5      | Found a staircase to the Ecumenical Temple.
  5094 | Temple   | Entered the Ecumenical Temple
  5116 | Temple   | Became a worshipper of Sif Muna the Loreminder
  5234 | D:5      | Noticed Grinder
  5316 | D:5      | Found a stormy altar of Qazlal.
  5701 | D:5      | Reached XP level 7. HP: 51/51 MP: 8/12
  6495 | D:6      | Reached XP level 8. HP: 53/58 MP: 14/14
  6500 | D:6      | Learned a level 3 spell: Mephitic Cloud
  6743 | D:6      | Found Wugod's Antique Weapon Shop.
  7119 | D:6      | Found a shattered altar of Ashenzari.
  7280 | D:6      | Found a sparkling altar of Nemelex Xobeh.
  7280 | D:6      | Found an opulent altar of Gozag.
  7568 | D:6      | Gained mutation: Your magical capacity is low. (-10% MP) [potion of mutation]
  7568 | D:6      | Gained mutation: You have a somewhat thin skeletal structure. (Dex +2, Stealth) [potion of mutation]
  7568 | D:6      | Gained mutation: You are agile. (Dex +2) [potion of mutation]
  7585 | D:7      | Found Ahoom's Antique Weapon Shoppe.
  7887 | D:7      | Noticed Prince Ribbit
  7893 | D:7      | Killed Prince Ribbit
  7893 | D:7      | Reached skill level 5 in Stealth
  7893 | D:7      | Reached XP level 9. HP: 56/65 MP: 12/14
  8083 | D:7      | Reached * piety under Sif Muna
  8083 | D:7      | Reached skill level 5 in Spellcasting
  8269 | D:7      | Reached skill level 5 in Dodging
  8591 | D:8      | Reached skill level 5 in Conjurations
  8783 | D:8      | Noticed Maurice
  8788 | D:8      | Killed Maurice
  8788 | D:8      | Reached skill level 5 in Fighting
  9271 | D:8      | Reached XP level 10. HP: 45/74 MP: 2/16
  9433 | D:8      | Found a radiant altar of Vehumet.
  9901 | D:8      | Reached skill level 1 in Air Magic
 10134 | D:8      | Found a burning altar of Makhleb.
 10873 | D:9      | Learned a level 4 spell: Summon Lightning Spire
 10957 | D:9      | Reached ** piety under Sif Muna
 11244 | D:9      | Found a shimmering altar of Xom.
 11251 | D:9      | Found a hazy altar of Hepliaklqana.
 11251 | D:9      | Noticed a Killer Klown
 11252 | D:9      | Noticed a spectral ugly thing
 11252 | D:9      | Noticed a Killer Klown
 11299 | D:9      | Found a sacrificial altar of Ru.
 11423 | D:9      | Reached skill level 5 in Short Blades
 11545 | D:9      | Found a shadowy altar of Dithmenos.
 12110 | D:10     | Entered Level 10 of the Dungeon
 12154 | D:10     | Noticed a hill giant
 12162 | D:10     | Killed a hill giant
 12277 | D:10     | Noticed a cyclops
 12308 | D:10     | Killed a cyclops
 12600 | D:10     | Reached XP level 11. HP: 81/81 MP: 18/18
 12602 | D:10     | Found Suvohool's Armour Emporium.
 13361 | D:10     | Noticed a hill giant
 13372 | D:10     | Killed a hill giant
 13372 | D:10     | Reached skill level 1 in Poison Magic
 13983 | D:11     | Found a staircase to the Orcish Mines.
 14054 | D:11     | Noticed a six-headed hydra
 14058 | D:11     | Found Plog's Magic Scroll Shop.
 14142 | D:11     | Reached *** piety under Sif Muna
 14452 | D:11     | Killed a six-headed hydra
 14452 | D:11     | Reached skill level 1 in Shields
 14452 | D:11     | Reached skill level 5 in Air Magic
 14703 | D:11     | Found a portal to a secret trove of treasure.
 14721 | D:11     | Bought a scroll of blinking for 135 gold pieces
 14721 | D:11     | Bought a scroll of teleportation for 54 gold pieces
 14721 | D:11     | Bought a scroll of teleportation for 54 gold pieces
 14721 | D:11     | Bought a scroll of enchant weapon for 135 gold pieces
 14795 | D:11     | Found a staircase to the Lair.
 15059 | D:11     | HP: 2/83 [something (9)]
 15060 | D:11     | Slain by an unseen horror

Vault maps used:
D:1:      dpeg_arrival_radiant
D:2:      minmay_tromino_i4, uniq_robin
D:3:      lemuel_doored_altar, first_bread, serial_curves, eino_curves_03,
          eino_curves_03
D:4:      elyvilon_altar_4, serial_shops, nicolae_shop_statue_plus,
          nicolae_shop_behind_doors, shop, nicolae_shop_crystal,
          grunt_gozag_statues
D:5:      kennysheep_kobold_camp, grunt_qazlal_clouds, uniq_grinder
D:6:      grunt_temple_overflow_opulence, nicolae_ashenzari_panopticon,
          serial_shops, nicolae_shop_crystal, minmay_door_square
D:7:      serial_shops, shop_fountains, grunt_livestock, uniq_prince_ribbit1
D:8:      lemuel_coloured_pillars_altar, vehumet_crystals, uniq_maurice
D:9:      regret_index_temple_of_mockery, lemuel_round_altar,
          nicolae_dithmenos_through_a_glass_darkly, nicolae_two_hexagons,
          statue_in_the_mist_lemuel
D:10:     serial_shops, shop
D:11:     david_lair_shrubbed, orc_0_dummy, serial_shops, nicolae_shop_trees,
          enter_trove_1
D:12:     portal_ice_cave_entry_imps, uniq_fannar
Temple:   chequers_temple_sunken

Skill      XL: |  1  2  3  4  5  6  7  8  9 10 11 |
---------------+----------------------------------+-----
Fighting       | 1 2 3 4 5 6 |  6.7
Conjurations   | 2 3 4 5 6 |  6.2
Stealth        | 3 4 5 6 7 |  7.1
Dodging        | 3 4 5 6 7 |  7.3
Short Blades   | 1 2 3 4 5 6 |  6.1
Spellcasting   | 4 5 6 7 |  7.1
Air Magic      | 4 5 |  5.2
Poison Magic   | 2 |  2.1
Shields        | 1 |  1.4
Summonings     | |  1.0
Translocations | |  1.0

Action                   |  1- 3 |  4- 6 |  7- 9 | 10-12 || total
-------------------------+-------+-------+-------+-------++-------
Melee: Unarmed           |     9 |       |       |       ||     9
       Whip              |    11 |       |       |       ||    11
       Dagger            |    22 |   158 |   215 |   316 ||   711
 Cast: Magic Dart        |    80 |   157 |   140 |   146 ||   523
       Slow              |       |     2 |     1 |     2 ||     5
       Conjure Flame     |       |     1 |     8 |     1 ||    10
       Mephitic Cloud    |       |       |     1 |     6 ||     7
       Call Imp          |       |       |     1 |     1 ||     2
       Summon Lightning  |       |       |       |    14 ||    14
Evoke: Wand              |       |     2 |     5 |     2 ||     9
  Use: Scroll            |     5 |     4 |     3 |    17 ||    29
       Potion            |     1 |     3 |     5 |     5 ||    14
 Stab: Sleeping          |       |     1 |     8 |     6 ||    15
       Distracted        |       |     1 |       |     2 ||     3
       Confused          |       |       |       |     1 ||     1
       Invisible         |       |       |       |     1 ||     1
  Eat: Chunk             |     2 |    13 |     3 |    13 ||    31
       Bread ration      |       |       |     2 |       ||     2
       Beef jerky        |       |       |     1 |     1 ||     2
       Meat ration       |       |       |       |     1 ||     1
Armor: Robe              |    12 |    42 |    52 |    71 ||   177
Dodge: Dodged            |    38 |   117 |   152 |   223 ||   530
Block: Other             |       |       |       |    64 ||    64
       Reflection        |       |       |       |     2 ||     2
